 Dungeon Crawl Stone Soup version 0.31.0-4-g52a2dc7128 (webtiles) character file.

Game seed: 14388743196656129839

2587 jasper the Protected (level 9, -1/75 HPs)
             Began as an Armataur Fighter on Jan 22, 2024.
             Was a Priest of Trog.
             Succumbed to orange demon's concentrated venom
             ... on level 7 of the Dungeon.
             The game lasted 00:15:27 (6873 turns).

jasper the Protected (Armataur Fighter)             Turns: 6873, Time: 00:15:28

Health: -1/75      AC: 11    Str: 26    XL:     9   Next: 32%
Magic:  9/9        EV:  7    Int:  9    God:    Trog [***...]
Gold:   387        SH:  5    Dex:  9    Spells: 8/8 levels left

rFire   . . .        a - +0 war axe
rCold   . . .        c - +1 buckler
rNeg    . . .        b - +0 scale mail
rPois   .            h - +2 hat
rElec   .            k - +0 cloak
rCorr   .            (no gloves)
SInv    .            (no barding)
Will    ++...        (no amulet) Stlth
                     (no ring)
HPRegen 1.32/turn    (no ring)
MPRegen 0.11/turn

%: roll
@: lethally poisoned (-1 -> -66), weakened, strong-willed, regenerating, slowed,
very slow
A: large, deformed body, tough skin 3, armoured tail, roll 2
a: Renounce Religion, Berserk, Trog's Hand


You were on level 7 of the Dungeon.
You worshipped Trog.
Trog was most pleased with you.
You visited 1 branch of the dungeon, and saw 8 of its levels.
You also visited: Sewer.

You collected 387 gold pieces.

Inventory:

Hand Weapons
 a - a +0 war axe (weapon)
 d - a +2 dagger of venom
 l - a +0 flail
 r - a +2 hand axe of venom
 v - a +2 whip of flaming
 y - a +0 flail
 E - a +0 war axe
Missiles
 g - 37 stones (quivered)
 i - a throwing net
 s - 5 poisoned darts
 t - a curare-tipped dart
Armour
 b - a +0 scale mail (worn)
 c - a +1 buckler (worn)
 h - a +2 hat (worn)
 k - a +0 cloak (worn)
 p - a +0 helmet
Scrolls
 f - 2 scrolls of fear
 m - a scroll of immolation
 n - 2 scrolls of blinking
 o - 3 scrolls of revelation
 z - a scroll of butterflies
 A - a scroll of fog
 C - a scroll of identify
 D - a scroll of poison {unknown}
Potions
 e - a potion of curing
 j - a potion of berserk rage
 q - 2 potions of enlightenment
 u - 3 potions of haste
 w - a potion of ambrosia
 x - a potion of cancellation
 B - a potion of mutation


   Skills:
 + Level 6.1 Fighting
 * Level 7.4 Axes
 + Level 8.3 Armour
 - Level 5.0 Shields


You had 8 spell levels left.
You didn't know any spells.
Your spell library contained the following spells:

 Spells                   Type           Power      Damage    Failure   Level
 Jinxbite                 Hex            0%         N/A       83%         2
 Yara's Violent Unravell  Hex/Alch       0%         3d3       100%        5
 Enfeeble                 Hex            0%         N/A       100%        7


Dungeon Overview and Level Annotations

Branches:
Dungeon (8/15)             Temple (0/1) D:7           Sewer (visited)
   Lair: D:8-11

Altars:
Dithmenos
Fedhas
Hepliaklqana
Trog
Yredelemnul

Annotations:
D:8 Amaemon


Innate Abilities, Weirdness & Mutations

Armour fits poorly on your strangely shaped body.
You have extremely tough skin. (AC +3)
You have a long armoured tail.
You regenerate magic and health when rolling toward enemies. (Rampage Regen)


Message History

The orange demon hits you but does no damage.
A sky beast appears from thin air!
Reactivating autopickup.
The sky beast hits you but does no damage.
You climb upwards.
There is a stone staircase leading down here.
You hit the sky beast but do no damage. You slash the orange demon!
The sky beast barely misses you.
The orange demon stings you but does no damage.
The orange demon hits you.
You feel your attacks grow feeble.
You hit the sky beast.
Your tail-slap misses the sky beast.
The sky beast is lightly wounded.
You hit the orange demon. The sky beast hits you. The sky beast shocks you.
The orange demon stings you but does no damage.
The orange demon hits you.
You feel as though you will be weak longer.
You closely miss the sky beast. You tail-slap the sky beast.
The sky beast is moderately wounded.
You barely miss the orange demon. You block the sky beast's attack.
The orange demon stings you but does no damage.
The orange demon hits you but does no damage.
You slash the sky beast!
Your tail-slap misses the sky beast.
The sky beast is severely wounded.
You hit the orange demon but do no damage.
The sky beast hits you but does no damage.
The orange demon stings you!
You are poisoned.
You have difficulty breathing.
You feel yourself slow down. The orange demon hits you.
The sky beast barely misses you. The orange demon stings you.
You are more poisoned.
You have difficulty breathing.
* * * LOW HITPOINT WARNING * * *
You feel as though you will be slow longer.
The orange demon hits you but does no damage.
Unknown command.
Your skin crawls.
You feel strong-willed.
You die...

.#..#.##.# #.#
#.##.##..# ####.#
.#..#.#..#########..).#
######...........#.####
..##.....#######.#.#
.........# #.#.#
.....##### #.#.# ###..#
#4#.# ##.# #@#.# #.#
#Y#.# #.# #.#.# #.#
#.#.# #.# #.#.# #######
#.# #...########...)..
#.# #..........<......
##.# #.#########.......
#..# #.# #............


You could see an orange demon (curare) and a sky beast.

Vanquished Creatures
  Pikel (D:5)
  Prince Ribbit (D:5)
  Pargi (Sewer)
  4 ice beasts
  An orc warrior (D:7)
  2 black bears
  2 centaurs (D:6)
  A phantom (D:6)
  A kobold brigand (D:7)
  Blork the orc (D:5)
  A brain worm (Sewer)
  A gnoll sergeant (D:7)
  2 hounds
  2 orc priests
  A gnoll bouda (D:4)
  2 sleepcaps (D:4)
  An iguana (D:6)
  2 orc wizards (D:5)
  14 gnolls
  4 adders
  4 shadow imps
  2 white imps
  8 ufetubi
  2 dart slugs
  4 ribbon worms
  14 orcs
  5 bats
  6 endoplasms
  5 giant cockroaches
  5 goblins
  9 hobgoblins
  2 jackals (D:4)
  7 quokkas
  6 ball pythons
  5 frilled lizards
  17 kobolds
  5 rats
151 creatures vanquished.

Vanquished Creatures (others)
  A sky beast (D:6)
1 creature vanquished.

Grand Total: 152 creatures vanquished

Notes
Turn   | Place    | Note
-------+----------+-------------------------------------------
     0 | D:1      | jasper the Armataur Fighter began the quest for the Orb.
     0 | D:1      | Reached XP level 1. HP: 18/18 MP: 1/1
    98 | D:1      | Reached XP level 2. HP: 25/25 MP: 2/2
   799 | D:2      | Reached skill level 4 in Armour
   799 | D:2      | Reached XP level 3. HP: 30/30 MP: 3/3
  1075 | D:2      | Found a basalt altar of Yredelemnul.
  1091 | D:2      | Identified the +0 robe "Tayhim" {rN+ MP-9 Slay+3 Archmagi}
  1476 | D:3      | Found a faded altar of an unknown god.
  1494 | D:3      | Reached XP level 4. HP: 38/38 MP: 4/4
  1502 | D:3      | Prayed at the altar of an unknown god.
  1502 | D:3      | Became a worshipper of Trog the Wrathful
  1502 | D:3      | Reached * piety under Trog
  2594 | D:4      | Reached XP level 5. HP: 37/45 MP: 5/5
  2612 | D:4      | Reached ** piety under Trog
  2993 | D:4      | Noticed a black bear
  3013 | D:5      | Entered Level 5 of the Dungeon
  3038 | D:5      | Noticed a lemure
  3038 | D:5      | Noticed a lemure
  3039 | D:5      | Noticed Pikel
  3041 | D:5      | Noticed a lemure
  3043 | D:5      | Noticed a lemure
  3052 | D:5      | Killed Pikel
  3053 | D:5      | Reached skill level 5 in Armour
  3053 | D:5      | Reached skill level 5 in Shields
  3053 | D:5      | Reached XP level 6. HP: 41/52 MP: 6/6
  3053 | D:5      | Gained mutation: You regenerate magic and health when
                  | rolling toward enemies. (Rampage Regen) [Armataur growth]
  3053 | D:5      | Reached XP level 7. HP: 46/59 MP: 7/7
  3156 | D:5      | Noticed Blork the orc
  3167 | D:5      | Killed Blork the orc
  3168 | D:5      | Reached skill level 6 in Armour
  3302 | D:5      | Noticed Prince Ribbit
  3355 | D:5      | Killed Prince Ribbit
  3356 | D:5      | Reached skill level 5 in Axes
  3356 | D:5      | Reached XP level 8. HP: 12/67 MP: 8/8
  3920 | D:4      | Reached skill level 5 in Fighting
  4367 | D:6      | Reached skill level 7 in Armour
  4478 | D:6      | Found a glowing drain.
  4498 | Sewer    | Entered a sewer
  4589 | Sewer    | Noticed Pargi
  4605 | Sewer    | Killed Pargi
  4892 | D:6      | Reached XP level 9. HP: 71/75 MP: 9/9
  5251 | D:6      | Found a shadowy altar of Dithmenos.
  5255 | D:6      | Found a blossoming altar of Fedhas.
  5450 | D:6      | Found a hazy altar of Hepliaklqana.
  6010 | D:7      | Reached *** piety under Trog
  6041 | D:7      | Reached skill level 8 in Armour
  6495 | D:7      | Found a staircase to the Ecumenical Temple.
  6862 | D:8      | Noticed Amaemon
  6862 | D:8      | Noticed an orange demon
  6873 | D:7      | Succumbed to orange demon's concentrated venom

Illustrated notes

Levels and vault maps discovered:
D:1:      lightli_iron_boxes, layout_loops_ring
D:2:      layout_basic, basic_altar
D:3:      layout_rooms, ebering_ecumenical_altar_webs, chequers_garden,
          minmay_between
D:4:      layout_rooms, grunt_ministairs_8, minivault_23, minmay_misc_feat_room
D:5:      layout_cave_pools, uniq_blork_the_orc, uniq_pikel, uniq_prince_ribbit1
D:6:      layout_basic, nicolae_hepliaklqana_hippocampus, jmf_multi_god_temple,
          portal_sewer_entry_f
D:7:      layout_loops_ring, minmay_temple_entry_statues_fountains,
          minivault_22, hangedman_decor_slide_cut, minmay_misc_feat_cross
D:8:      minmay_goldmine, layout_rooms, uniq_amaemon

Skill      XL: |  1  2  3  4  5  6  7  8  9 |
---------------+----------------------------+-----
Axes           | 2 3 4 5 6 7 |  7.4
Armour         | 4 5 6 7 8 |  8.3
Fighting       | 3 4 5 6 |  6.1
Shields        | 4 5 |  5.0

Action                     |  1- 3 |  4- 6 |  7- 9 || total
---------------------------+-------+-------+-------++-------
  Melee: War axe           |   119 |   118 |   304 ||   541
         Tailslap          |     8 |     9 |    35 ||    52
  Throw: Stone             |     3 |     4 |     5 ||    12
         Dart              |       |       |     5 ||     5
 Invoke: Berserk           |       |     2 |     3 ||     5
         Trog's Hand       |       |       |     3 ||     3
    Use: Scroll            |     7 |     6 |     5 ||    18
         Potion            |     1 |     3 |     3 ||     7
 Armour: Scale mail        |    77 |    96 |   388 ||   561
         Skin              |       |     7 |     8 ||    15
  Dodge: Dodged            |    42 |    47 |   137 ||   226
  Block: Buckler           |    20 |    22 |    88 ||   130
